 Dungeon Crawl Stone Soup version 0.31-a0-23-gcbde74481b (webtiles) character file.

Game seed: 397401944966946453

55 pk666 the Magician (level 3, -3/19 HPs)
             Began as a Deep Elf Hedge Wizard on May 13, 2023.
             Slain by a gnoll
             ... wielding a +0 whip
              (5 damage)
             ... on level 2 of the Dungeon.
             The game lasted 00:03:51 (1533 turns).

pk666 the Magician (Deep Elf Hedge Wizard)          Turns: 1533, Time: 00:03:51

Health: -3/19      AC:  2    Str:  7    XL:     3   Next: 67%
Magic:  0/11       EV: 12    Int: 20    God:
Gold:   50         SH:  0    Dex: 14    Spells: 6/12 levels left

rFire   . . .        a - +0 dagger
rCold   . . .        (no shield)
rNeg    . . .        b - +0 robe
rPois   .            c - +0 hat
rElec   .            (no cloak)
rCorr   .            (no gloves)
SInv    .            (no boots)
Will    .....        (no amulet)
Stlth   ++           (no ring)
HPRegen 0.23/turn    (no ring)
MPRegen 0.12/turn

%: no passive effects
@: very slightly contaminated
A: no striking features
a: no special abilities


You were on level 2 of the Dungeon.
You visited 1 branch of the dungeon, and saw 2 of its levels.

You collected 50 gold pieces.

Inventory:

Hand Weapons
 a - a +0 dagger (weapon)
Armour
 b - a +0 robe (worn)
 c - a +0 hat (worn)
Scrolls
 e - a scroll of poison {unknown}
 h - a scroll of fog {unknown}
 j - a scroll of enchant armour {unknown}
Potions
 d - a potion of magic
 f - a potion of berserk rage {unknown}
 g - a potion of invisibility {unknown}
 i - a potion of heal wounds {unknown}
 k - a potion of curing {unknown}


   Skills:
 - Level 2.4 Dodging
 - Level 2.4 Stealth
 + Level 5.1 Spellcasting
 + Level 2.2 Conjurations
 - Level 1.1 Summonings
 + Level 2.2 Translocations
 + Level 0.3 Air Magic
 * Level 1.0 Poison Magic


You had 6 spell levels left.
You knew the following spells:

 Your Spells              Type           Power      Damage    Failure   Level
a - Magic Dart            Conj           52%        1d5       4%          1
b - Blink                 Tloc           28%        N/A       7%          2
c - Mephitic Cloud        Conj/Pois/Air  9%         N/A       22%         3

Your spell library contained the following spells:

 Spells                   Type           Power      Damage    Failure   Level
 Call Imp                 Summ           18%        N/A       11%         2
 Slow                     Hex            20%        N/A       12%         1
 Cigotuvi's Dreadful Rot  Necr/Pois/Air  12%        N/A       14%         2
 Ensorcelled Hibernation  Hex/Ice        10%        N/A       17%         2
 Spider Form              Tmut/Pois      7%         N/A       28%         3
 Anguish                  Hex/Necr       2%         N/A       75%         4


Dungeon Overview and Level Annotations

Branches:
Dungeon (2/15)

Altars:


Message History

Confirm with . or Enter, or press ? or * to list all spells.
Aiming: Magic Dart (safe; 4% risk of failure)
Press: ? - help, Shift-Dir - straight line, f/p - gnoll
Aim: a gnoll, wielding a +0 whip (heavily wounded, 100% to hit)
The magic dart hits the gnoll but does no damage.
The gnoll is heavily wounded.
The gnoll closely misses you.
Casting: Magic Dart (safe; 4% risk of failure)
Confirm with . or Enter, or press ? or * to list all spells.
Aiming: Magic Dart (safe; 4% risk of failure)
Press: ? - help, Shift-Dir - straight line, f/p - gnoll
Aim: a gnoll, wielding a +0 whip (heavily wounded, 100% to hit)
The magic dart hits the gnoll.
The gnoll is severely wounded.
The gnoll barely misses you.
Casting: Magic Dart (safe; 4% risk of failure)
Confirm with . or Enter, or press ? or * to list all spells.
Aiming: Magic Dart (safe; 4% risk of failure)
Press: ? - help, Shift-Dir - straight line, f/p - gnoll
Aim: a gnoll, wielding a +0 whip (severely wounded, 100% to hit)
The magic dart hits the gnoll.
The gnoll is severely wounded.
The gnoll hits you with a +0 whip.
* * * LOW HITPOINT WARNING * * *
Casting: Magic Dart (safe; 4% risk of failure)
Confirm with . or Enter, or press ? or * to list all spells.
Aiming: Magic Dart (safe; 4% risk of failure)
Press: ? - help, Shift-Dir - straight line, f/p - gnoll
Aim: a gnoll, wielding a +0 whip (severely wounded, 100% to hit)
The magic dart hits the gnoll.
The gnoll is almost dead.
The gnoll hits you with a +0 whip.
* * * LOW HITPOINT WARNING * * *
Casting: Magic Dart (safe; 4% risk of failure)
Confirm with . or Enter, or press ? or * to list all spells.
You don't have enough magic to cast this spell.
You hit the gnoll but do no damage.
The gnoll is almost dead.
The gnoll hits you with a +0 whip.
You die...

#.....#.#....# #..<#.....#
#.#####.#...(# #.###.###.#
#.#.....#.#'####.....###.#...
#.#...###.#.....##>..........
#..<....#.#####.##.......#...
#######.#.#####.##......##
#.....#.#.....####........
#.#####.#.###.†........#..
#.# #...@g')...P.P.......
#.#######.###...†P...PP....
#..)....#.# #.........P...
#######.#.# ###.PP...PPg..
#.>.# ....P.. ##### .P†P...


.gP.P.P ....... .... You could see a gnoll.

Vanquished Creatures
  2 gnolls (D:2)
  5 endoplasms (D:1)
  A giant cockroach (D:1)
  3 goblins (D:1)
  2 hobgoblins (D:1)
  2 jackals (D:1)
  2 kobolds
  3 quokkas (D:1)
  A ball python (D:1)
  4 bats
  4 frilled lizards
  3 rats
32 creatures vanquished.

Notes
Turn   | Place    | Note
-------+----------+-------------------------------------------
     0 | D:1      | pk666 the Deep Elf Hedge Wizard began the quest for the
                  | Orb.
     0 | D:1      | Reached XP level 1. HP: 10/10 MP: 7/7
   243 | D:1      | Reached XP level 2. HP: 15/15 MP: 5/9
   246 | D:1      | Learned a level 2 spell: Blink
   862 | D:1      | Reached skill level 5 in Spellcasting
  1033 | D:1      | Reached XP level 3. HP: 19/19 MP: 8/11
  1037 | D:1      | Learned a level 3 spell: Mephitic Cloud
  1265 | D:2      | Found a faded altar of an unknown god.
  1516 | D:2      | Reached skill level 1 in Poison Magic
  1533 | D:2      | Slain by a gnoll

Illustrated notes

Levels and vault maps discovered:
D:1:      amcnicky_arrival_gap_in_the_tavern_cellar, layout_basic
D:2:      layout_basic, basic_ecumenical_altar, nicolae_grassy_gnolls

Skill      XL: |  1  2  3 |
---------------+----------+-----
Conjurations   | 2 |  2.2
Spellcasting   | 5 |  5.1
Translocations | 2 |  2.2
Poison Magic   | 1 |  1.0
Dodging        | |  2.4
Stealth        | |  2.4
Summonings     | |  1.1
Air Magic      | |  0.3

Action                     || total
---------------------------++-------
  Melee: Dagger            ||     4
   Cast: Magic Dart        ||    96
 Armour: Robe              ||     3
  Dodge: Dodged            ||     5

Table legend: (Time is in decaauts)
 A = Elapsed time spent in this place.
 B = Non-inter-level travel time spent in this place.
 C = Inter-level travel time spent in this place.
 D = Time resting spent in this place.
 E = Time spent auto-exploring this place.
 F = Levels seen in this place.
 G = Mean time per level.
                   A        B        C        D        E       F      G
               +--------+--------+--------+--------+--------+-----+--------+
         Total |   1532 |   1504 |     28 |    202 |   1111 |   2 |  766.0 |
       Dungeon |   1532 |   1504 |     28 |    202 |   1111 |   2 |  766.0 |
               +--------+--------+--------+--------+--------+-----+--------+

Top non-repeatable levels by time:
     D:1: 1248 daAuts
     D:2: 284 daAuts
